 Dungeon Crawl Stone Soup version 0.22-a0-609-gfedc9ff (webtiles) character file.

250304 wellist the Slayer (level 19, -26/189 HPs)
             Began as a Hill Orc Fighter on July 8, 2018.
             Was the Champion of Okawaru.
             Killed from afar by a deep elf sorcerer (32 damage)
             ... with damnation
             ... on level 3 of the Elven Halls on July 10, 2018.
             The game lasted 03:19:40 (42552 turns).

wellist the Slayer (Hill Orc Fighter)              Turns: 42552, Time: 03:19:41

Health: -26/189    AC: 45    Str: 25    XL:     19   Next: 62%
Magic:  27/27      EV:  5    Int:  2    God:    Okawaru [******]
Gold:   1417       SH: 28    Dex: 12    Spells: 18/18 levels left

rFire    + . .     SeeInvis +   p - +9 broad axe (freeze)
rCold    + + +     Gourm    .   A - +10 large shield of Ignorance {rN+ Int-4}
rNeg     + + .     Faith    .   b - +15 Maxwell's patent armour {-Cast -Tele rElec MR+ rCorr}
rPois    +         Spirit   .   Y - +2 hat {SInv}
rElec    +         Reflect  .   U - scarf {repulsion}
rCorr    +         Harm     .   D - +2 pair of gloves {archery}
MR       ++++.     NoTele   +   T - +2 pair of boots Stlth ..........NoCast +
                                d - amulet "Unu Wonoe" {-Tele +Rage rC+++ MR++ Int-2}
HPRegen  0.41/turn              a - ring of positive energy
MPRegen  0.20/turn              n - ring "Orghyjoe" {rElec rPois Str+2 Dex-2}

@: very slightly contaminated, invisible, repel missiles
A: antennae 1, icy blue scales 1, blink, fire resistance 1, screaming 1
}: 2/15 runes: decaying, gossamer
a: Blink, Heroism, Finesse, Renounce Religion, Evoke Berserk Rage


You were on level 3 of the Elven Halls.
You worshipped Okawaru.
Okawaru was exalted by your worship.
You were hungry.

You visited 7 branches of the dungeon, and saw 32 of its levels.
You visited 1 bazaar.
You also visited: Labyrinth, Ice Cave and Volcano.

You collected 3292 gold pieces.
You spent 1875 gold pieces at shops.

Inventory:

Hand Weapons
 p - a +9 broad axe of freezing (weapon)
 t - a +5 trident of freezing
Armour
 b - the +15 Maxwell's patent armour (worn) {-Cast -Tele rElec MR+ rCorr}
   (Okawaru gifted it to you on level 2 of the Spider Nest)

   It insulates you from electricity.
   It affects your resistance to hostile enchantments.
   It prevents spellcasting.
   It prevents most forms of teleportation.
   It protects you from acid and corrosion.
 A - the +10 large shield of Ignorance (worn) {rN+ Int-4}
   (You found it on level 11 of the Dungeon)

   It affects your intelligence (-4).
   It protects you from negative energy.
 D - a +2 pair of gloves of archery (worn)
 J - a scarf of cloud immunity
 T - a +2 pair of boots (worn)
 U - a scarf of repulsion (worn)
 Y - a +2 hat of see invisible (worn)
Jewellery
 a - a ring of positive energy (left hand)
 d - the amulet "Unu Wonoe" (around neck) {-Tele +Rage rC+++ MR++ Int-2}
   (You bought it in a shop on level 2 of the Orcish Mines)

   [amulet of rage]

   It affects your intelligence (-2).
   It renders you almost immune to cold.
   It affects your resistance to hostile enchantments.
   It lets you go berserk.
   It prevents most forms of teleportation.
 h - an uncursed ring of ice
 n - the ring "Orghyjoe" (right hand) {rElec rPois Str+2 Dex-2}
   (You bought it in a shop on level 2 of the Orcish Mines)

   [ring of dexterity]

   It affects your strength (+2).
   It affects your dexterity (-2).
   It insulates you from electricity.
   It protects you from poison.
 H - an uncursed ring of protection from magic
 X - a +3 ring of protection
Wands
 c - a wand of polymorph (12)
 k - a wand of paralysis (19)
 w - a wand of acid (9)
 x - a wand of disintegration (32)
 C - a wand of enslavement (22)
 O - a wand of flame (19)
 P - a wand of digging (8)
 Q - a wand of iceblast (34)
Scrolls
 e - 3 scrolls of fog
 g - 3 scrolls of enchant weapon
 l - 5 scrolls of fear
 m - 10 scrolls of teleportation
 q - 2 scrolls of acquirement
 u - 17 scrolls of remove curse
 y - a scroll of silence {unknown}
 B - 5 scrolls of blinking
 I - 3 scrolls of enchant armour
 M - 3 scrolls of magic mapping
 N - a scroll of amnesia
 V - 4 scrolls of identify
Potions
 i - a potion of agility
 j - a potion of invisibility
 o - 12 potions of curing
 r - 3 potions of haste
 v - 4 potions of lignification
 z - 4 potions of resistance
 G - a potion of brilliance
 K - 2 potions of cancellation
 L - 3 potions of mutation
 R - 6 potions of ambrosia
 S - 2 potions of flight
Miscellaneous
 s - 2 phantom mirrors
Comestibles
 f - 43 rations


   Skills:
 * Level 21.1 Fighting
 + Level 19.8 Axes
 * Level 19.8 Armour
 - Level 10.0 Shields
 - Level 8.1 Invocations
 * Level 11.7 Evocations


You had 18 spell levels left.
You didn't know any spells.
Your spell library contained the following spells:

 Spells                   Type           Power        Failure   Level  Hunger
 Cause Fear               Hex            #.........   100%        4    #####..
 Fireball                 Conj/Fire      #.........   100%        5    ######.
 Apportation              Tloc           #.....       100%        1    ##.....
 Conjure Flame            Conj/Fire      #.......     100%        3    ####...
 Bolt of Magma            Conj/Fire/Erth #.........   100%        5    ######.
 Slow                     Hex            #.......     100%        2    ###....
 Confuse                  Hex            #.......     100%        3    ####...
 Invisibility             Hex            #.......     100%        6    #######
 Throw Flame              Conj/Fire      #.....       100%        2    ###....
 Freezing Cloud           Conj/Ice/Air   #.........   100%        6    #######
 Mephitic Cloud           Conj/Pois/Air  #.......     100%        3    ####...
 Ring of Flames           Chrm/Fire      #.........   100%        7    #######
 Venom Bolt               Conj/Pois      #.........   100%        5    ######.
 Olgreb's Toxic Radiance  Pois           #.......     100%        4    #####..
 Summon Small Mammal      Summ           #...         100%        1    ##.....
 Animate Dead             Necr           N/A          100%        4    #####..
 Animate Skeleton         Necr           N/A          100%        1    ##.....
 Vampiric Draining        Necr           #.........   100%        3    ####...
 Sticky Flame             Conj/Fire      #.......     100%        4    #####..
 Summon Ice Beast         Ice/Summ       #.......     100%        4    #####..
 Call Imp                 Summ           #.......     100%        2    ###....
 Regeneration             Chrm/Necr      #.........   100%        3    ####...
 Sting                    Conj/Pois      #...         100%        1    ##.....
 Tukima's Dance           Hex            #.......     100%        3    ####...
 Iron Shot                Conj/Erth      #.........   100%        6    #######
 Stone Arrow              Conj/Erth      #.....       100%        3    ####...
 Statue Form              Tmut/Erth      #........    100%        6    #######
 Dragon Form              Tmut           #.........   100%        7    #######
 Death Channel            Necr           #.........   100%        6    #######
 Confusing Touch          Hex            #.....       100%        1    ##.....
 Flame Tongue             Conj/Fire      #....        100%        1    ##.....
 Passwall                 Tmut/Erth      #.......     100%        2    ###....
 Call Canine Familiar     Summ           #.......     100%        3    ####...
 Metabolic Englaciation   Hex/Ice        #.........   100%        5    ######.
 Summon Butterflies       Summ           #.......     100%        1    ##.....
 Shatter                  Erth           #.........   100%        9    #######
 Corona                   Hex            #......      100%        1    ##.....
 Alistair's Intoxication  Tmut/Pois      #.......     100%        5    ######.
 Lee's Rapid Deconstruct  Erth           #.........   100%        5    ######.
 Sandblast                Erth           #.....       100%        1    ##.....
 Portal Projectile        Hex/Tloc       #.....       100%        3    ####...
 Petrify                  Tmut/Erth      #.......     100%        4    #####..
 Leda's Liquefaction      Hex/Erth       #.........   100%        4    #####..
 Inner Flame              Hex/Fire       #.......     100%        3    ####...
 Searing Ray              Conj           #.....       100%        2    ###....
 Summon Lightning Spire   Summ/Air       #.......     100%        4    #####..
 Summon Guardian Golem    Hex/Summ       #.......     100%        3    ####...
 Hydra Form               Tmut           #.........   100%        6    #######
 Irradiate                Conj/Tmut      #.........   100%        5    ######.
 Gell's Gravitas          Tloc           #.........   100%        3    ####...
 Yara's Violent Unravell  Hex/Tmut       #.........   100%        5    ######.
 Lesser Beckoning         Tloc           #.........   100%        3    ####...
 Poisonous Vapours        Pois/Air       #.....       100%        2    ###....


Dungeon Overview and Level Annotations

Branches:
Dungeon (12/15)            Temple (1/1) D:4            Lair (6/6) D:9
  Swamp (4/4) Lair:4       Spider (4/4) Lair:3        Slime (0/5) Lair:6
    Orc (2/2) D:12            Elf (3/3) Orc:2

Altars:
Ashenzari
Cheibriados
Dithmenos
Elyvilon
Fedhas
Gozag
Hepliaklqana
Kikubaaqudgha
Makhleb
Nemelex Xobeh
Okawaru
Qazlal
Ru
Sif Muna
Trog
Uskayaw
Vehumet
Wu Jian
Xom
Yredelemnul
Zin
The Shining One
Beogh

Shops:
D:4 ?   D:12 *%   Orc:2 *=([   Elf:1 *

Annotations:
Lair:4 exclusion: oklob plant
Elf:2 4 runed doors


Innate Abilities, Weirdness & Mutations

You have a pair of small antennae on your head.
You are partially covered in icy blue scales. (AC +2)
You can translocate small distances at will.
Your flesh is heat resistant. (rF+)
You occasionally shout uncontrollably at your foes.


Message History

The earth elemental disappears in a puff of smoke!
There is an open door here.
Your extra speed is starting to run out.
You slice the deep elf elementalist!! You freeze the deep elf elementalist!
The deep elf elementalist is heavily wounded.
You slice the deep elf elementalist!! You freeze the deep elf elementalist.
The deep elf elementalist is almost dead.
The deep elf elementalist hits you but does no damage.
You slash the deep elf elementalist! You freeze the deep elf elementalist.
You kill the deep elf elementalist!
Okawaru accepts your kill.
The deep elf high priest utters a dark prayer and points at you.
Your life force is offered up.
* * * LOW HITPOINT WARNING * * *
You feel yourself slow down.
A deep elf annihilator comes into view. It is wielding a short sword.
A deep elf sorcerer comes into view. It is wielding a long sword.
The deep elf sorcerer points at you and mumbles some strange words.
The sphere of damnation explodes!
The damnation engulfs you!
You die...

###########(############'#####.#.
.......((.(......................
.....)...........................
.................................
...............................≈≈
≈≈≈≈≈≈≈≈≈≈≈≈≈≈≈≈≈≈≈≈≈≈≈≈≈≈≈≈≈≈≈≈≈
≈≈≈≈≈≈≈≈≈≈≈≈≈≈≈≈≈≈≈≈≈≈≈≈≈≈≈≈≈≈≈≈#
#################################
......).........@..............'.
.....e........†................'.
####'#########'######'########+#)
......{.{.)E......#..... ##
.......X[x#)e.....'.....# #
..........#.e.....#.....#
############)...#########
####)#.# #x{Ee# #


You could see a deep elf annihilator and a deep elf sorcerer.

Vanquished Creatures
  A deep elf blademaster (Elf:3)
  2 deep elf master archers (Elf:3)
  Agnes (Spider:4)
  Gastronok (Lair:1)
  3 thorn hunters
  Roxanne (Spider:4)
  A frost giant (IceCv)
  2 deep elf sorcerers (Elf:3)
  2 orc warlords
  9 emperor scorpions
  2 ghost moths (Spider:4)
  Louise (Spider:4)
  2 deep elf elementalists (Elf:3)
  A stone giant (Volcano)
  2 entropy weavers
  5 deep elf annihilators
  A minotaur (Lab)
  3 deep elf demonologists
  Azrael (D:12)
  A spark wasp (Spider:4)
  5 deep elf death magi
  3 fire dragons (Swamp:4)
  3 deep elf high priests (Elf:3)
  Erolcha (D:11)
  2 catoblepae (Lair:6)
  9 hydras
  2 ghost crabs (Swamp:4)
  17 alligators
  12 dancing weapons
  2 centaur warriors (D:11)
  4 two-headed ogres
  7 death yaks
  A deep troll shaman (Lair:6)
  An orc high priest (Orc:2)
  7 deep elf knights
  The ghost of Mamutox the Covert, a journeyman SpEn of Gozag (Orc:2)
  A spriggan druid (Swamp:4)
  5 shambling mangroves
  A glowing orange brain (shapeshifter) (Elf:1)
  11 deep elf archers
  7 swamp dragons (Swamp:4)
  2 lindwurms
  7 orc knights (Orc:2)
  2 necromancers (Elf:1)
  25 orb spiders
  A cyclops (D:11)
  An ugly thing (D:12)
  6 orc sorcerers
  38 wolf spiders
  41 deep elf magi
  3 moths of wrath
  A black mamba (Lair:6)
  20 elephants
  17 spiny frogs
  4 torpor snails
  2 molten gargoyles (Volcano)
  An ice statue (IceCv)
  4 komodo dragons
  A freezing wraith (D:11)
  A kobold demonologist (D:11)
  6 rime drakes
  An efreet (Volcano)
  10 demonic crawlers
  28 jumping spiders
  2 trolls
  A hornet (shapeshifter) (Elf:3)
  8 polar bears (IceCv)
  A queen bee (D:11)
  32 hornets
  9 tyrant leeches
  6 bog bodies
  29 slime creatures
  9 blink frogs
  6 hippogriffs
  3 air elementals
  67 yaks
  4 wyverns
  A shadow (Swamp:1)
  60 redbacks
  7 spriggans
  30 tarantellas
  2 water elementals
  8 fire elementals
  6 fire bats
  2 basilisks (Lair:4)
  2 large abominations (Elf:1)
  A basilisk (shapeshifter) (Elf:2)
  2 steam dragons (Swamp:4)
  A hungry ghost (D:12)
  10 vampire mosquitoes
  6 insubstantial wisps (Swamp:3)
  9 wargs
  20 swamp worms
  An acid dragon (D:11)
  Edmund (D:5)
  3 hell hounds (D:12)
  8 water moccasins
  8 porcupines
  14 swamp drakes
  4 phantoms
  38 orc warriors
  4 ice beasts
  5 black bears
  3 sky beasts
  An eye of draining (D:10)
  A boggart (shapeshifter) (Elf:3)
  7 centaurs (D:12)
  10 ogres
  21 wolves
  2 crocodiles
  2 big kobolds
  3 elf zombies (Elf:1)
  21 bullfrogs
  6 earth elementals
  2 gnoll sergeants (D:9)
  A wyvern zombie (D:11)
  4 scorpions
  A wyvern skeleton (D:12)
  28 killer bees (D:11)
  5 wights (D:8)
  3 howler monkeys
  3 electric eels
  5 crimson imps
  3 quasits
  2 bullfrog zombies
  5 lava snakes (Volcano)
  8 hounds
  9 jellies
  16 orc priests
  A bullfrog skeleton (D:11)
  5 iguanas
  28 orc wizards
  Terence (D:2)
  Natasha (thrice) (D:2 D:3)
  9 worker ants
  3 hell rats
  A killer bee zombie (D:7)
  2 hound zombies
  A hound skeleton (D:6)
  10 gnolls
  4 worker ant zombies
  10 adders
  12 river rats (Lair:3)
  2 shadow imps
  10 oozes
  4 dart slugs
  4 leopard geckos
  67 orcs
  2 ball pythons
  13 bats
  3 giant cockroaches
  4 hobgoblins
  7 jackals
  8 quokkas
  10 frilled lizards
  11 goblins
  12 kobolds
  A leopard gecko skeleton (D:5)
  A quokka skeleton (D:4)
  A quokka zombie (D:7)
  5 rats
  4 briar patches (Swamp:3)
  A bush (Lair:1)
  3 fungi
  2 plants (Lair:6)
1233 creatures vanquished.

Vanquished Creatures (others)
  A deep elf annihilator (Elf:3)
  A hydra (Swamp:4)
  A dancing weapon (Elf:1)
  A swamp dragon (Swamp:4)
  2 lindwurms (Swamp:4)
  A spiny frog (Swamp:4)
  A rime drake (IceCv)
  2 jumping spiders
  3 hornets
  2 polar bears (IceCv)
  3 slime creatures (Swamp:4)
  3 steam dragons (Swamp:4)
  5 swamp drakes (Swamp:4)
  4 wolves (IceCv)
  A bush (D:9)
  5 fungi
  8 plants
44 creatures vanquished.

Grand Total: 1277 creatures vanquished

Notes
Turn   | Place    | Note
-------+----------+-------------------------------------------
     0 | D:1      | wellist the Hill Orc Fighter began the quest for the Orb.
     0 | D:1      | Reached XP level 1. HP: 19/19 MP: 1/1
    71 | D:1      | Reached XP level 2. HP: 23/27 MP: 2/2
   517 | D:1      | Reached skill level 4 in Fighting
   616 | D:1      | Reached XP level 3. HP: 33/33 MP: 3/3
   704 | D:2      | Noticed Terence
   717 | D:2      | Killed Terence
   783 | D:2      | Noticed Natasha
   792 | D:2      | Killed Natasha
   792 | D:2      | Reached XP level 4. HP: 14/41 MP: 4/4
  1129 | D:2      | Noticed Natasha
  1149 | D:2      | Killed Natasha
  1487 | D:2      | Reached XP level 5. HP: 47/47 MP: 5/5
  1525 | D:2      | Noticed a phantom
  1754 | D:2      | Killed a phantom
  1754 | D:2      | Reached skill level 5 in Fighting
  1991 | D:2      | Reached XP level 6. HP: 56/56 MP: 6/6
  2320 | D:3      | Noticed Natasha
  2350 | D:3      | Killed Natasha
  2350 | D:3      | Reached skill level 5 in Axes
  3603 | D:4      | Found a staircase to the Ecumenical Temple.
  3611 | D:4      | Reached skill level 5 in Armour
  3614 | Temple   | Entered the Ecumenical Temple
  3934 | D:4      | Found Leymur's Magic Scroll Shop.
  3938 | D:4      | Found a sparkling altar of Nemelex Xobeh.
  3954 | D:4      | Bought a scroll of enchant weapon for 105 gold pieces
  3954 | D:4      | Bought a scroll of identify for 28 gold pieces
  3954 | D:4      | Bought a scroll of noise for 14 gold pieces
  3954 | D:4      | Bought a scroll of amnesia for 49 gold pieces
  4297 | D:5      | Entered Level 5 of the Dungeon
  4297 | D:5      | Noticed Edmund
  4306 | D:5      | Killed Edmund
  4306 | D:5      | Reached XP level 7. HP: 36/62 MP: 7/7
  4484 | D:5      | Reached skill level 6 in Fighting
  4806 | D:5      | Reached XP level 8. HP: 71/71 MP: 8/8
  5077 | D:5      | Reached skill level 5 in Shields
  5410 | D:6      | Reached skill level 7 in Fighting
  6032 | D:6      | Found a snail-covered altar of Cheibriados.
  6068 | D:6      | Found a glowing golden altar of the Shining One.
  6526 | D:6      | Reached XP level 9. HP: 34/81 MP: 9/9
  6836 | D:6      | Reached skill level 8 in Fighting
  7644 | D:7      | Reached skill level 9 in Fighting
  8231 | D:7      | Found a burning altar of Makhleb.
  8231 | D:7      | Found a shimmering altar of Xom.
  8685 | D:8      | Reached XP level 10. HP: 84/91 MP: 10/10
  8701 | D:8      | Reached skill level 10 in Axes
  9189 | D:8      | Found a sparkling altar of Nemelex Xobeh.
  9724 | D:9      | Reached skill level 10 in Fighting
 10327 | D:9      | Found a staircase to the Lair.
 11005 | D:9      | Found a blossoming altar of Fedhas.
 11007 | D:9      | Found a stormy altar of Qazlal.
 11349 | D:9      | Found an iron altar of Okawaru.
 11351 | D:9      | Found a glowing golden altar of the Shining One.
 11378 | D:9      | Reached skill level 10 in Armour
 11392 | D:9      | Found a hazy altar of Hepliaklqana.
 11392 | D:9      | Found an ornate altar of the Wu Jian Council.
 11394 | D:9      | Found a hide-covered altar of Uskayaw.
 11546 | D:10     | Entered Level 10 of the Dungeon
 11771 | D:10     | Noticed a two-headed ogre
 11787 | D:10     | Killed a two-headed ogre
 11787 | D:10     | Reached skill level 11 in Fighting
 11787 | D:10     | Reached XP level 11. HP: 100/102 MP: 11/11
 12643 | D:11     | Noticed a two-headed ogre
 12672 | D:11     | Killed a two-headed ogre
 12770 | D:9      | Became a worshipper of Warmaster Okawaru
 12814 | D:11     | Noticed a centaur warrior
 12814 | D:11     | Noticed a two-headed ogre
 12828 | D:11     | Killed a centaur warrior
 12846 | D:11     | Noticed a cyclops
 12862 | D:11     | Killed a cyclops
 12865 | D:11     | Killed a two-headed ogre
 12865 | D:11     | Reached * piety under Okawaru
 13146 | D:10     | Gained mutation: Your mind is acute. (Int +2) [potion of mutation]
 13146 | D:10     | Gained mutation: You are occasionally teleported next to monsters. [potion of mutation]
 13146 | D:10     | Gained mutation: You are resistant to hostile enchantments. (MR+) [potion of mutation]
 13147 | D:10     | Lost mutation: Your mind is acute. (Int +2) [potion of mutation]
 13147 | D:10     | Lost mutation: You are resistant to hostile enchantments. (MR+) [potion of mutation]
 13147 | D:10     | Gained mutation: You evolve. [potion of mutation]
 13147 | D:10     | Gained mutation: Your magical capacity is low. (-10% MP) [potion of mutation]
 13147 | D:10     | Gained mutation: You are partially covered in icy blue scales. (AC +2) [potion of mutation]
 13512 | D:11     | Found the +10 large shield of Ignorance {rN+ Int-4}
 13557 | D:11     | Noticed Erolcha
 13567 | D:11     | Killed Erolcha
 13717 | D:11     | Noticed a centaur warrior
 13728 | D:11     | Killed a centaur warrior
 13728 | D:11     | Reached skill level 12 in Fighting
 13973 | D:11     | Reached ** piety under Okawaru
 14282 | D:11     | Reached XP level 12. HP: 80/112 MP: 10/10
 14491 | D:12     | Found Esiolenlai's Changing Room.
 14543 | D:12     | Reached *** piety under Okawaru
 14570 | D:12     | Gained mutation: You are partially covered in slimy green scales. (AC +2) [evolution]
 14586 | D:12     | Lost mutation: You evolve. [potion of mutation]
 14586 | D:12     | Lost mutation: You are partially covered in icy blue scales. (AC +2) [potion of mutation]
 14586 | D:12     | Lost mutation: You are occasionally teleported next to monsters. [potion of mutation]
 14586 | D:12     | Lost mutation: Your magical capacity is low. (-10% MP) [potion of mutation]
 14586 | D:12     | Gained mutation: You are weak. (Str -2) [potion of mutation]
 14586 | D:12     | Gained mutation: Your body sometimes deteriorates upon taking damage. [potion of mutation]
 14586 | D:12     | Gained mutation: You can translocate small distances at will. [potion of mutation]
 14599 | D:12     | Bought a potion of mutation for 112 gold pieces
 14599 | D:12     | Lost mutation: You are weak. (Str -2) [potion of mutation]
 14599 | D:12     | Lost mutation: Your body sometimes deteriorates upon taking damage. [potion of mutation]
 14599 | D:12     | Lost mutation: You are partially covered in slimy green scales. (AC +2) [potion of mutation]
 14599 | D:12     | Gained mutation: You are partially covered in icy blue scales. (AC +2) [potion of mutation]
 14599 | D:12     | Gained mutation: You have a pair of small antennae on your head. [potion of mutation]
 14599 | D:12     | Gained mutation: Your flesh is heat resistant. (rF+) [potion of mutation]
 14903 | D:12     | Reached **** piety under Okawaru
 14913 | D:12     | Noticed Azrael
 14945 | D:12     | Killed Azrael
 14945 | D:12     | Reached skill level 13 in Fighting
 15240 | D:12     | Upgraded the game from 0.22-a0-605-g9281fa2 to 0.22-a0-609-gfedc9ff
 15309 | D:12     | Found Ischarino's Food Shoppe.
 15410 | D:12     | Found a staircase to the Orcish Mines.
 15447 | D:12     | Reached ***** piety under Okawaru
 15738 | Lair:1   | Entered Level 1 of the Lair of Beasts
 15792 | Lair:1   | Noticed Gastronok
 15811 | Lair:1   | Killed Gastronok
 16054 | Lair:1   | Reached XP level 13. HP: 108/122 MP: 13/13
 16223 | Lair:1   | Received a gift from Okawaru
 16905 | Lair:2   | Found a labyrinth entrance.
 16910 | Lab      | Entered a labyrinth
 20340 | Lab      | Noticed a minotaur
 20370 | Lab      | Killed a minotaur
 20370 | Lab      | Reached skill level 14 in Fighting
 20372 | Lab      | Got a coiled granite ring
 20373 | Lab      | Got a crystal halberd
 20626 | Lab      | Identified the +3 halberd of Mayhem {chop, rElec rF+} (You found it in a labyrinth)
 20639 | Lab      | Identified the ring "Ipaemnov" {rF+ Str+3 Int-3 Dex+5} (You found it in a labyrinth)
 20798 | Lair:2   | Reached skill level 15 in Axes
 20905 | Lair:2   | Identified a scroll of acquirement
 20994 | Lair:2   | Reached skill level 10 in Shields
 21523 | Lair:3   | Reached skill level 1 in Invocations
 21580 | Lair:3   | Found a frozen archway.
 21589 | IceCv    | Entered an ice cave
 22072 | IceCv    | Noticed a frost giant
 22128 | IceCv    | Killed a frost giant
 22128 | IceCv    | Received a gift from Okawaru
 22148 | IceCv    | Reached XP level 14. HP: 38/133 MP: 16/16
 22739 | Lair:3   | Found a hole to the Spider Nest.
 22983 | Lair:3   | Reached skill level 15 in Fighting
 24437 | Lair:4   | Found a staircase to the Swamp.
 25111 | Lair:5   | Reached skill level 5 in Invocations
 25499 | Lair:5   | Got a jewelled plate armour
 25510 | Lair:5   | Identified the +13 plate armour of Noon {-Tele MR++ Dex+5} (You found it on level 5 of the Lair of Beasts)
 25646 | Lair:5   | Reached ****** piety under Okawaru
 25895 | Lair:6   | Entered Level 6 of the Lair of Beasts
 25895 | Lair:6   | Found a staircase to the Slime Pits.
 25971 | Lair:6   | Received a gift from Okawaru
 26252 | Lair:6   | Reached skill level 15 in Armour
 26258 | Lair:6   | Reached skill level 16 in Fighting
 26416 | Lair:6   | Received a gift from Okawaru
 26690 | Lair:6   | Reached XP level 15. HP: 145/145 MP: 19/19
 27353 | Orc:1    | Entered Level 1 of the Orcish Mines
 27415 | Orc:1    | Found a roughly hewn altar of Beogh.
 27425 | Orc:1    | Found a dark tunnel.
 27435 | Volcano  | Entered a volcano
 27599 | Volcano  | Found a radiant altar of Vehumet.
 27860 | Orc:1    | Noticed an orc warlord
 27884 | Orc:1    | Received a gift from Okawaru
 27901 | Orc:1    | Killed an orc warlord
 28371 | Orc:2    | Entered Level 2 of the Orcish Mines
 28541 | Orc:2    | Found a staircase to the Elven Halls.
 29359 | Orc:2    | Found a roughly hewn altar of Beogh.
 29362 | Orc:2    | Noticed an orc warlord
 29375 | Orc:2    | Reached skill level 17 in Fighting
 29377 | Orc:2    | Killed an orc warlord
 29384 | Orc:2    | Found Deifioto's General Store.
 29393 | Orc:2    | Found Zuipp's Jewellery Emporium.
 29513 | Orc:2    | Bought the amulet "Unu Wonoe" {-Tele +Rage rC+++ MR++ Int-2} for 967 gold pieces
 29513 | Orc:2    | Bought the cursed ring "Orghyjoe" {rElec rPois Str+2 Dex-2} for 226 gold pieces
 29629 | Orc:2    | Found Fyma's Antique Weapon Emporium.
 29644 | Orc:2    | Found Xuqil's Antique Armour Emporium.
 29652 | Orc:2    | Bought an ancient cloak for 190 gold pieces
 29662 | Orc:2    | Identified the +2 cloak of Intercession {MR++ Regen+ Str+3 Dex-4} (You bought it in a shop on level 2 of the Orcish Mines)
 29805 | Orc:2    | Found a runed door.
 29807 | Orc:2    | Noticed Mamutox's ghost (journeyman SpEn)
 29816 | Orc:2    | Killed Mamutox's ghost
 30102 | Spider:1 | Entered Level 1 of the Spider Nest
 30408 | Spider:1 | Reached skill level 1 in Evocations
 30598 | Spider:1 | Received a gift from Okawaru
 31183 | Spider:2 | Reached XP level 16. HP: 150/155 MP: 15/22
 31571 | Spider:2 | Received a gift from Okawaru
 31572 | Spider:2 | Found the +15 Maxwell's patent armour {-Cast -Tele rElec MR+ rCorr}
 32021 | Spider:2 | Reached skill level 18 in Fighting
 33090 | Spider:3 | Received a gift from Okawaru
 33203 | Spider:3 | Reached skill level 5 in Evocations
 33556 | Spider:4 | Entered Level 4 of the Spider Nest
 33605 | Spider:4 | Noticed Louise
 33628 | Spider:4 | Killed Louise
 33855 | Spider:4 | Noticed Roxanne
 33879 | Spider:4 | Killed Roxanne
 34129 | Spider:4 | Received a gift from Okawaru
 34129 | Spider:4 | Reached XP level 17. HP: 166/166 MP: 23/23
 34148 | Spider:4 | Noticed Agnes
 34168 | Spider:4 | Killed Agnes
 34237 | Spider:4 | Reached skill level 19 in Fighting
 34799 | Spider:4 | Received a gift from Okawaru
 35204 | Spider:4 | Got a gossamer rune of Zot
 35526 | Swamp:1  | Entered Level 1 of the Swamp
 36757 | Swamp:2  | Got a pitted chain mail
 36768 | Swamp:2  | Identified the cursed +1 chain mail of the Assorted Songs {MR+ Int+3} (You found it on level 2 of the Swamp)
 37461 | Swamp:3  | Received a gift from Okawaru
 37531 | Swamp:3  | Reached XP level 18. HP: 175/178 MP: 24/24
 37711 | Swamp:3  | Received a gift from Okawaru
 37714 | Swamp:3  | Got a pair of spiked gloves {god gift}
 37725 | Swamp:3  | Identified the +0 pair of gloves of Existentialism {MR+} (Okawaru gifted it to you on level 3 of the Swamp)
 38217 | Swamp:4  | Entered Level 4 of the Swamp
 38608 | Swamp:4  | Reached skill level 20 in Fighting
 39486 | Swamp:4  | Identified Hyttieph's Compendium of Attacks and Earth
 39521 | Swamp:4  | Got a decaying rune of Zot
 39883 | Elf:1    | Entered Level 1 of the Elven Halls
 39883 | Elf:1    | Found Hidyom's Assorted Antiques.
 39961 | Elf:1    | Reached skill level 10 in Evocations
 40000 | Elf:1    | Identified the Volume of Stolen Souls
 40038 | Elf:1    | Gained mutation: You occasionally shout uncontrollably at your foes. [a neqoxec]
 40051 | Elf:1    | Received a gift from Okawaru
 41021 | Elf:2    | Reached XP level 19. HP: 175/187 MP: 25/27
 41148 | Elf:2    | Found a gateway to a bazaar.
 41175 | Bazaar   | Entered a bazaar
 41175 | Bazaar   | Found Usintofur's Book Shoppe.
 41175 | Bazaar   | Found Morhem's Antique Weapon Shop.
 41175 | Bazaar   | Found Duilan's Gadget Shoppe.
 41177 | Bazaar   | Found Baovuapn's Distillery.
 41177 | Bazaar   | Found Viwk's General Store.
 41224 | Bazaar   | Bought a crude hand axe for 184 gold pieces
 41224 | Bazaar   | Identified the +11 hand axe "Muekk" {freeze, rElec} (You bought it in a shop in a bazaar)
 41376 | Elf:2    | Found a large runed door.
 41376 | Elf:2    | Found a large runed door.
 41404 | Elf:2    | Found a large runed door.
 41404 | Elf:2    | Found a large runed door.
 41593 | Elf:3    | Entered Level 3 of the Elven Halls
 42039 | Elf:3    | Received a gift from Okawaru
 42439 | Elf:3    | HP: 5/188 [deep elf sorcerer/damnation (33)]
 42449 | Elf:3    | Reached skill level 21 in Fighting
 42525 | Elf:3    | HP: 2/189 [deep elf high priest/divine providence (17)]
 42547 | Elf:3    | HP: 5/189 [deep elf high priest/a malign offering (3)]
 42552 | Elf:3    | Killed from afar by a deep elf sorcerer

Vault maps used:
D:1:      tarquinn_simple_flora_water_f
D:2:      kennysheep_small_spiral, uniq_terence, uniq_natasha
D:3:      minmay_misc_feat_cross
D:4:      lemuel_crystal_altar, minmay_temple_entry_grid, first_ration,
          serial_shops, shop
D:5:      uniq_edmund
D:6:      nicolae_overflow_crystal_walls, nicolae_benzene_ring, tso_altar
D:7:      grunt_temple_overflow_champion_of_chaos, hangedman_minor_gate_pass
D:8:      nemelex_lonely_heart_becter
D:9:      grunt_temple_overflow_forces_of_nature,
          nicolae_overflow_hidden_temple, erik_lair_orcish_takeover,
          hangedman_little_slice_of_home, kb_lookout_dungeons_type
D:10:     wad_mini_maze
D:11:     minmay_tri_box, special_room, roderic_batcave, grunt_decor_cap,
          minmay_misc_feat_roman, uniq_erolcha
D:12:     orc_0_dummy, serial_shops, shop, nicolae_transmutations_shop,
          uniq_frances, uniq_azrael
Temple:   minmay_temple_curvy_loop
Lair:1:   serial_bayou_shore_a, grunt_megastairs_5, uniq_gastronok
Lair:2:   lab_entry_generic
Lair:3:   spider_nest_entry_webs, portal_ice_cave_entry_pillars_2,
          kennysheep_rathole, serial_bayou_shore_b
Lair:4:   nicolae_swamp_entry_splash_gauntlet, serial_bayou_shore_b,
          minmay_lair_oklob_chamber, serial_bayou_shore_b
Lair:6:   grunt_lair_end_beastmaster, nicolae_slime_entry_slimehenge
Swamp:1:  hangedman_swamp_pad, swamp_pool1
Swamp:2:  nicolae_swamp_dense_foliage, swamp_pool5
Swamp:3:  hangedman_swamp_blocks, infiniplex_staircase_pool
Swamp:4:  swamp_fiery, swamp_pool2
Spider:1: spider_trap
Spider:2: nicolae_spider_corner
Spider:4: guppyfry_spider_rune, uniq_agnes, uniq_louise, uniq_roxanne
Orc:1:    basic_altar, nicolae_volcano_entry_hallway
Orc:2:    grunt_orc_cross, ebering_ghost_inner_flame
Elf:1:    serial_shops, nicolae_shop_waterfront, minmay_elf_necromancy
Elf:2:    serial_shops, bzr_entry_safe, stair_cage_line,
          serial_sigils_hangedman_stare, hangedman_elven_pyramids, spider_trap,
          minivault_28, uniq_aizul
Elf:3:    minmay_elf_hall_quartered_circle
Bazaar:   bazaar_minmay_generic_island
IceCv:    ice_cave_caverns_03
Volcano:  volcano_lake

Skill      XL: |  1  2  3  4  5  6  7  8  9 10 11 12 13 14 15 16 17 18 19 |
---------------+----------------------------------------------------------+-----
Axes           | 3 4 5 6 8 9 11 13 14 15 16 17 18 19 | 19.8
Fighting       | 4 5 6 7 9 11 12 13 14 16 17 18 19 20 21 | 21.1
Armour         | 4 5 6 7 8 10 11 12 14 15 16 17 18 19 | 19.8
Shields        | 4 5 6 7 8 9 10 | 10.0
Invocations    | 3 6 8 |  8.1
Evocations     | 2 5 8 10 11 | 11.7

Action                   |  1- 3 |  4- 6 |  7- 9 | 10-12 | 13-15 | 16-18 | 19-21 || total
-------------------------+-------+-------+-------+-------+-------+-------+-------++-------
Melee: War axe           |    68 |   201 |   404 |   887 |   682 |       |       ||  2242
       Hand axe          |       |       |       |       |   132 |       |       ||   132
       Broad axe         |       |       |       |       |   488 |  1407 |   241 ||  2136
       Trident           |       |       |       |       |    21 |    69 |       ||    90
Invok: Heroism           |       |       |       |     5 |    14 |     9 |     1 ||    29
       Finesse           |       |       |       |       |     4 |     4 |     1 ||     9
  Use: Potion            |       |     2 |       |    11 |     6 |     3 |     4 ||    26
       Scroll            |       |     8 |       |    10 |    20 |     8 |       ||    46
 Stab: Confused          |       |       |       |       |       |     3 |       ||     3
       Held in net/web   |       |       |       |       |       |     1 |       ||     1
  Eat: Chunk             |       |     7 |    14 |    12 |    23 |    12 |     1 ||    69
       Ration            |       |     1 |       |     4 |     8 |     6 |     1 ||    20
Armor: Scale mail        |    13 |    73 |   181 |    47 |       |       |       ||   314
       Ring mail         |       |       |       |    96 |       |       |       ||    96
       Plate armour      |       |       |       |    84 |   413 |   731 |    69 ||  1297
Dodge: Dodged            |    23 |    42 |   102 |   160 |    87 |   157 |    20 ||   591
       Deflected         |       |       |       |       |       |     1 |     7 ||     8
Block: Shield            |    31 |   108 |   178 |   238 |       |       |       ||   555
       Large shield      |       |       |       |   565 |  1545 |  1883 |   221 ||  4214

Table legend:
 A = Spawn XP
 B = Non-spawn XP
 C = Spawn XP percentage of total XP
 D = Spawn monster count
 E = Non-spawn monster count
 F = Spawn count percentage of total count
 G = Total turns spent on level
                    A         B        C        D         E        F      G
               +---------+---------+-------+---------+---------+-------+---------
         Total |       0 |  368260 |   0.0 |       0 |    1234 |   0.0 | 42552
               +---------+---------+-------+---------+---------+-------+---------
           D:1 |       0 |      35 |   0.0 |       0 |      18 |   0.0 |   837
           D:2 |       0 |     311 |   0.0 |       0 |      31 |   0.0 |  1693
           D:3 |       0 |      61 |   0.0 |       0 |      11 |   0.0 |   756
           D:4 |       0 |     158 |   0.0 |       0 |       6 |   0.0 |   924
           D:5 |       0 |     866 |   0.0 |       0 |      20 |   0.0 |  1259
           D:6 |       0 |    1159 |   0.0 |       0 |      29 |   0.0 |  1378
           D:7 |       0 |    1508 |   0.0 |       0 |      40 |   0.0 |  1403
           D:8 |       0 |    1163 |   0.0 |       0 |      27 |   0.0 |   994
           D:9 |       0 |    3209 |   0.0 |       0 |      56 |   0.0 |  2171
          D:10 |       0 |    1585 |   0.0 |       0 |      12 |   0.0 |  1378
          D:11 |       0 |    8615 |   0.0 |       0 |      58 |   0.0 |  1798
          D:12 |       0 |   10002 |   0.0 |       0 |      53 |   0.0 |  1266
        Lair:1 |       0 |    6848 |   0.0 |       0 |      26 |   0.0 |  1117
        Lair:2 |       0 |    3271 |   0.0 |       0 |      14 |   0.0 |   924
        Lair:3 |       0 |    4860 |   0.0 |       0 |      30 |   0.0 |  1187
        Lair:4 |       0 |    6310 |   0.0 |       0 |      28 |   0.0 |  1798
        Lair:5 |       0 |    5706 |   0.0 |       0 |      17 |   0.0 |   617
        Lair:6 |       0 |   21799 |   0.0 |       0 |      59 |   0.0 |  1282
       Swamp:1 |       0 |    8505 |   0.0 |       0 |      27 |   0.0 |   628
       Swamp:2 |       0 |    9666 |   0.0 |       0 |      27 |   0.0 |  1118
       Swamp:3 |       0 |   17646 |   0.0 |       0 |      41 |   0.0 |  1084
       Swamp:4 |       0 |   30938 |   0.0 |       0 |      74 |   0.0 |  1247
      Spider:1 |       0 |   11330 |   0.0 |       0 |      27 |   0.0 |  1960
      Spider:2 |       0 |   30425 |   0.0 |       0 |      79 |   0.0 |   916
      Spider:3 |       0 |   10710 |   0.0 |       0 |      32 |   0.0 |   645
      Spider:4 |       0 |   47690 |   0.0 |       0 |      90 |   0.0 |  1813
         Orc:1 |       0 |    5945 |   0.0 |       0 |      48 |   0.0 |   953
         Orc:2 |       0 |   15484 |   0.0 |       0 |      78 |   0.0 |  1290
         Elf:1 |       0 |   23873 |   0.0 |       0 |      42 |   0.0 |   883
         Elf:2 |       0 |   17167 |   0.0 |       0 |      26 |   0.0 |   768
         Elf:3 |       0 |   44727 |   0.0 |       0 |      51 |   0.0 |   959
           Lab |       0 |    1300 |   0.0 |       0 |       1 |   0.0 |  3737
         IceCv |       0 |   11556 |   0.0 |       0 |      41 |   0.0 |  1108
       Volcano |       0 |    3832 |   0.0 |       0 |      15 |   0.0 |   386
               +---------+---------+-------+---------+---------+-------+---------
